 Dungeon Crawl Stone Soup version 0.17-a0-1069-g92ad481 (webtiles) character file.

24 Lugonue the Magician (level 2, -1/16 HPs)
             Began as a Deep Elf Transmuter on May 17, 2015.
             Slain by an adder (3 damage)
             ... on level 2 of the Dungeon.
             The game lasted 00:03:56 (1613 turns).

Lugonue the Magician (Deep Elf Transmuter)          Turns: 1613, Time: 00:03:56

Health: -1/16      AC:  3    Str:  7    XL:     2   Next: 79%
Magic:  2/17       EV: 13    Int: 17    God:
Gold:   31         SH:  0    Dex: 15    Spells: 2 memorised, 5 levels left

rFire  . . .     SeeInvis .     b - 8 arrows
rCold  . . .     Clarity  .     h - +1 robe
rNeg   . . .     SustAb   .     (no shield)
rPois  .         Gourm    .     (no helmet)
rElec  .         Spirit   .     (no cloak)
rCorr  .         Warding  .     (no gloves)
rMut   .         Stasis   .     (boots currently unavailable)
MR     .....                    (no amulet)
Stlth  +.........               (no ring)
                                d - ring of magical power

@: lethally poisoned (-1 -> -4), appendage, very slightly contaminated, not
resistant to hostile enchantments, very unstealthy
A: talons 3
a: End Transformation


You were on level 2 of the Dungeon.
You were not hungry.
You had grown temporary talons.
You visited 1 branch of the dungeon, and saw 2 of its levels.

You collected 31 gold pieces.

Inventory:

Hand weapons
 a - a +0 short sword
Missiles
 b - 8 arrows (in hand)
Armour
 h - a +1 robe (worn)
Jewellery
 d - a ring of magical power (left hand)
Scrolls
 e - a scroll of identify
 f - a scroll of teleportation {unknown}
 j - a scroll of remove curse
 k - a scroll of random uselessness {unknown}
 l - 2 scrolls of amnesia {unknown}
Potions
 g - a potion of invisibility
Books
 c - a book of Changes

   Spells                             Type                      Level
   a - Beastly Appendage              Transmutation                1
   b - Sticks to Snakes               Transmutation                2
   c - Spider Form                    Transmutation/Poison         3
   d - Ice Form                       Ice/Transmutation            4
   e - Blade Hands                    Transmutation                5


   Skills:
 * Level 1.0 Fighting
 + Level 0.4 Short Blades
 + Level 3.2 Dodging
 - Level 2.4 Unarmed Combat
 * Level 3.6 Spellcasting
 - Level 2.2 Transmutations


You had 5 spell levels left.
You knew the following spells:

 Your Spells              Type           Power        Failure   Level  Hunger
a - Beastly Appendage     Trmt           ##....       10%         1    None
b - Sticks to Snakes      Trmt           ##........   12%         2    ##.....


Dungeon Overview and Level Annotations

Branches:
Dungeon (2/15)

Altars:


Innate Abilities, Weirdness & Mutations

You have claws for feet.


Message History

Your ball python bites the adder.
Your ball python constricts the adder.
The hobgoblin closely misses your ball python.
The hobgoblin misses your ball python.
The adder struggles to escape constriction.
* * * LOW HITPOINT WARNING * * *
You feel sick.
Your talons disappear.
You see here a flail.
Found a meat ration.
You see here a twisted jade ring.
d - a twisted jade ring
* * * LOW HITPOINT WARNING * * *
You feel sick.
Put on which piece of jewellery? (? for menu, Esc to quit)
You feel your magic capacity increase.
d - a ring of magical power (left hand)
Casting: Sticks to Snakes
Confirm with . or Enter, or press ? or * to list all spells.
Your feet morph into talons.
The adder bites you.
You die...

##.# #####
..#...######..<#
........gS....>#
..#....ggS...#.#
#
#$..######g..#.#
#.g. #g###%# #..
#)#... g...
###S#.###.##
....
#...@.......
....
#.....###.#.
#.....# #.....#
#...... #.....##
#.....# #.....#


You could see an adder and 2 hobgoblins.

Vanquished Creatures
  A goblin (D:1)
  3 hobgoblins (D:1)
  A ball python (D:1)
  3 bats (D:1)
  A giant cockroach (D:1)
  A giant newt (D:1)
  4 kobolds (D:1)
  5 rats (D:1)
19 creatures vanquished.

Vanquished Creatures (collateral kills)
  An adder (D:2)
1 creature vanquished.

Grand Total: 20 creatures vanquished

Notes
Turn   | Place    | Note
--------------------------------------------------------------
     0 | D:1      | Lugonue the Deep Elf Transmuter began the quest for the Orb.
     0 | D:1      | Reached XP level 1. HP: 11/11 MP: 6/6
   749 | D:1      | Reached XP level 2. HP: 8/16 MP: 6/8
   766 | D:1      | Learned a level 2 spell: Sticks to Snakes
  1596 | D:2      | Reached skill level 1 in Fighting
  1613 | D:2      | Slain by an adder

Vault maps used:
D:1:      dpeg_arrival_court, serial_co_window_serial, co_window_corner_a,
          co_window_paths_a, co_window_corner_a, co_window_paths_b,
          co_window_corner_a, co_window_corner_a, co_window_cross_1,
          co_window_unsneaky_path_a, co_window_corner_cb, co_window_broadway_b,
          co_window_of_opportunity_c, co_window_broadway_b, glass_columns_a,
          glass_columns_a, glass_columns_a, glass_columns_a, glass_columns_c,
          minmay_misc_feat_doors
D:2:      kennysheep_the_goblin_king

Action                   || total
-------------------------++-------
Melee: Unarmed           ||    15
       Short sword       ||    46
 Cast: Beastly Appendage ||    12
       Sticks to Snakes  ||     4
  Use: Scroll            ||     4
       Potion            ||     1
 Stab: Distracted        ||     2
  Eat: Bread ration      ||     1
